AoeStats
← ecerva.27

Arabia

509207133Analyzed
3v3 RM · 6d ago on Sep 25, 2026· 45m 32s· 6 players
Game mode
Random Map
Map size
Normal (6 player)
Population
200
Speed
Normal
Resources
Standard
Victory
Conquest
Starting age
Dark Age
Ending age
Imperial Age
RankedLock teamsTeams togetherTeam positionsShared explorationLock speedFull tech treeHidden civsTurbo modeCheats
Victory
Defeat
🇲🇽 Varangians · Mexico
1254
+13
🇺🇸 Persians · United States
1231
+14
🇺🇾 Byzantines · Uruguay
1199
+15
🇨🇱 Franks · Chile
1213
-15
🇨🇱 Khmer · Chile
1188
-14
🇨🇱 Ethiopians · Chile
1153
-13
BOT [Quaa]
7:12 Loom
9:15 Feudal Age
10:26 Double-Bit Axe
11:03 Man-at-Arms
15:23 Horse Collar
19:03 Wheelbarrow
22:23 Castle Age
20:53 Scale Mail Armor
21:24 Gold Mining
22:36 Forging
22:46 Arson
24:09 Gold Shaft Mining
23:48 Bow Saw
24:57 Fletching
26:47 Gambesons
27:59 Pikeman
29:02 Chain Mail Armor
31:15 Squires
47:50 Imperial Age
ecerva.27
5:36 Loom
8:57 Feudal Age
11:27 Bloodlines
16:23 Scale Barding Armor
19:17 Double-Bit Axe
19:34 Horse Collar
22:15 Wheelbarrow
25:34 Castle Age
24:47 Forging
27:38 Husbandry
28:11 Chain Barding Armor
36:44 Iron Casting
45:13 Vendel Legacy
Dumb_Armadillo
10:20 Feudal Age
9:00 Loom
15:57 Double-Bit Axe
15:55 Horse Collar
19:18 Bloodlines
19:20 Scale Barding Armor
19:25 Forging
30:54 Castle Age
29:46 Town Watch
30:36 Wheelbarrow
30:46 Wheelbarrow
31:36 Husbandry
34:15 Bow Saw
39:14 Light Cavalry
39:52 Fletching
41:27 Heavy Plow
41:24 Gold Mining
41:25 Stone Mining
41:33 Stone Mining
43:35 Town Watch
nono_age
10:04 Feudal Age
14:59 Gold Mining
15:42 Fletching
23:32 Double-Bit Axe
25:27 Padded Archer Armor
27:17 Horse Collar
31:43 Castle Age
31:52 Crossbowman
33:11 Bodkin Arrow
33:58 Thumb Ring
yorzhpizarro
6:54 Loom
10:01 Feudal Age
10:55 Double-Bit Axe
16:44 Scale Barding Armor
17:26 Forging
25:04 Castle Age
27:28 Bow Saw
27:41 Husbandry
35:50 Fletching
36:30 Crossbowman
newkenneth17
0:28 Loom
12:04 Feudal Age
13:56 Double-Bit Axe
21:21 Bloodlines
21:41 Forging
24:44 Castle Age
23:16 Scale Barding Armor
23:36 Horse Collar
24:48 Light Cavalry
25:29 Husbandry
26:41 Bow Saw
26:34 Town Watch
32:43 Gold Mining
38:07 Wheelbarrow
41:32 Hand Cart
43:16 Heavy Plow
44:36 Gold Shaft Mining
44:29 Stone Mining
Connection lost

Rejoining the realm…

Still unreachable

The connection could not be restored.

Session expired

The server has moved on; the page needs a fresh start.